 Dungeon Crawl Stone Soup version 0.29.0-4-gdea44cf6ec (webtiles) character file.

Game seed: 13764832567030927209

119460 qw the Severer (level 16, -21/95 HPs)
             Began as a Gargoyle Fighter on Sept 10, 2022.
             Was a High Priest of Okawaru.
             Demolished by a white very ugly thing (64 damage)
             ... on level 3 of the Abyss.
             The game lasted 00:12:33 (22215 turns).

qw the Severer (Gargoyle Fighter)                  Turns: 22215, Time: 00:12:34

Health: -21/95     AC: 45    Str: 38    XL:     16   Next: 79%
Magic:  22/23      EV: 15    Int:  6    God:    Okawaru [*****.]
Gold:   245        SH: 20    Dex: 16    Spells: 15/15 levels left

rFire   + + .      SeeInvis +   C - +1 war axe "Wetergh" {speed, rF+ Will- Dex+3 SInv}
rCold   x . .      Faith    .   h - +0 kite shield
rNeg    + . .      Spirit   .   k - +5 chain mail of Modern Contentment {Will++}
rPois   inf        Reflect  +   o - +1 helmet
rElec   +          Harm     .   u - +0 cloak
rCorr   .          Rampage  .   g - +2 pair of gloves {Stlth+}
Will    ++...      Rage     9%  e - +1 pair of boots of Oblivion {Drain rElec Str+4}
Stlth   +.........              F - amulet "Ammeeph" {Reflect rElec rC- Regen+ Str+10 SH+5}
HPRegen 1.05/turn               G - ring "Niokawuf" {rElec rF+ AC+4 Str+3}
MPRegen 0.18/turn               y - +4 ring of slaying {mikee}

@: heroic, on berserk cooldown, flying, slowed, very slow
A: sickness immunity, AC +12, big wings, negative energy resistance 1,
electricity resistance, torment resistance 1, petrification resistance, agile 1,
robust 1, MP-powered wands, [berserk 2], [dopey 2], [frail 2], [weak 2],
[subdued magic 2]
a: Renounce Religion, Heroism, Finesse, Duel


You were on level 3 of the Abyss.
You worshipped Okawaru.
Okawaru was extremely pleased with you.
You visited 3 branches of the dungeon, and saw 21 of its levels.
You visited the Abyss 2 times.
You also visited: Sewer and Gauntlet.

You collected 3592 gold pieces.
You spent 3347 gold pieces at shops.


Innate Abilities, Weirdness & Mutations

You are immune to sickness and miasma.
Your stone body is resilient. (AC +12)
You are immune to poison.
Your large and strong wings let you fly.
You resist negative energy. (rN+)
You are resistant to electric shocks. (rElec)
You are resistant to unholy torment.
You are immune to petrification.
You are agile. (Dex +4, Str/Int -1)
You are robust. (+10% HP)
You expend magic power (3 MP) to strengthen your wands.
[You have an uncontrollable temper.]
[You are very dopey. (Int -4)]
[You are very frail. (-20% HP)]
[You are very weak. (Str -4)]
[Your spells are easier to cast, but less powerful.]


   Skills:
 - Level 14.0(19.0) Fighting
 - Level 16.0(21.0) Axes
 - Level 8.0(13.0) Throwing
 + Level 11.1(16.1) Armour
 - Level 6.0(11.0) Dodging
 - Level 14.0(19.0) Shields
 - Level 10.0 Invocations


You had 15 spell levels left.
You didn't know any spells.
Your spell library was empty.

Inventory:

Hand Weapons
 c - a +1 vampiric war axe
 l - a +4 hand axe of flaming
 C - the +1 war axe "Wetergh" (weapon) {speed, rF+ Will- Dex+3 SInv}
   (You found it on level 9 of the Dungeon)

   Attacks with this weapon are significantly faster.
   Dex:       It affects your dexterity (+3).
   rF:        It protects you from fire.
   SInv:      It lets you see invisible.
   Will:      It decreases your willpower.
Missiles
 f - 13 javelins (quivered)
 x - 3 silver javelins
 D - 7 boomerangs
Armour
 e - the +1 pair of boots of Oblivion (worn) {Drain rElec Str+4}
   (You found it on level 14 of the Dungeon)

   Str:       It affects your strength (+4).
   rElec:     It insulates you from electricity.
   Drain:     It drains your maximum health when unequipped.
 g - a +2 pair of gloves of stealth (worn)
 h - a +0 kite shield (worn)
 k - the +5 chain mail of Modern Contentment (worn) {Will++}
   (Okawaru gifted it to you on level 11 of the Dungeon)

   Will:      It greatly increases your willpower.
 o - a +1 helmet (worn)
 u - a +0 cloak (worn)
 z - the +1 ice dragon scales "Uphaq" {rElec rF- rC++ Will+ Int+3}
   (Okawaru gifted it to you on level 4 of the Lair of Beasts)

   Int:       It affects your intelligence (+3).
   rF:        It makes you vulnerable to fire.
   rC:        It greatly protects you from cold.
   rElec:     It insulates you from electricity.
   Will:      It increases your willpower.
 B - a +3 scale mail of fire resistance
Jewellery
 y - a +4 ring of slaying (right hand) {mikee}
 F - the amulet "Ammeeph" (around neck) {Reflect rElec rC- Regen+ Str+10 SH+5}
   (You bought it in a shop on level 11 of the Dungeon)

   [amulet of reflection]

   It reflects blocked missile attacks.
   Str:       It affects your strength (+10).
   rC:        It makes you vulnerable to cold.
   rElec:     It insulates you from electricity.
   Regen:     It increases your rate of health regeneration.
   SH:        It affects your SH (+5).
 G - the ring "Niokawuf" (left hand) {rElec rF+ AC+4 Str+3}
   (You bought it in a shop on level 11 of the Dungeon)

   [ring of protection]

   AC:        It affects your AC (+4).
   Str:       It affects your strength (+3).
   rF:        It protects you from fire.
   rElec:     It insulates you from electricity.
Scrolls
 p - 5 scrolls of blinking
 r - 5 scrolls of fog
 t - 4 scrolls of teleportation
 w - 17 scrolls of identify
 H - a scroll of enchant weapon
Potions
 a - 2 potions of resistance
 d - 5 potions of might
 i - 4 potions of mutation
 j - 13 potions of curing
 m - 6 potions of attraction
 n - 7 potions of haste
 q - 3 potions of lignification
 s - 2 potions of magic
 A - a potion of cancellation

Dungeon Overview and Level Annotations

Branches:
Dungeon (15/15)            Temple (1/1) D:6            Lair (5/5) D:8
  Swamp (0/4) Lair:2       Spider (0/4) Lair:2        Slime (0/5) Lair:5
    Orc (0/2) D:12         Vaults (0/5) D:14          Sewer (visited)
Gauntlet (visited)
 Depths: D:15

Altars:
Ashenzari
Cheibriados
Dithmenos
Elyvilon
Fedhas
Gozag
Hepliaklqana
Kikubaaqudgha
Makhleb
Nemelex Xobeh
Okawaru
Qazlal
Ru
Sif Muna
Trog
Uskayaw
Vehumet
Wu Jian
Xom
Yredelemnul
Zin
The Shining One

Shops:
D:7 !   D:11 !=   D:12 *

Portals:
Trove: D:11 (lose all piety)

Annotations:
D:10 3 runed translucent doors, qw's ghost, journeyman MiBe; qw's ghost, journeyman MiFi
D:12 1 runed translucent door, Kowaopn's ghost, journeyman TrCA
Lair:4 1 runed translucent door, qw's ghost, journeyman GrFi
Lair:5 2 runed translucent doors


Message History

The white very ugly thing is heavily wounded.
You slash the thrashing horror!
You hit the starcursed mass but do no damage.
You block the thrashing horror's attack.
The thrashing horror tramples you but does no damage.
You block the white very ugly thing's attack.
You completely miss the white very ugly thing.
The white very ugly thing is heavily wounded.
You slash the starcursed mass! You hit the thrashing horror.
You block the thrashing horror's attack.
The thrashing horror tramples you but does no damage.
The starcursed mass shrieks in your mind.
You block the thrashing horror's attack.
The thrashing horror tramples you but does no damage.
You hit the starcursed mass.
You destroy the starcursed mass!
Okawaru accepts your kill.
You barely miss the white very ugly thing.
You slash the thrashing horror!
The thrashing horror closely misses you.
You block the thrashing horror's attack.
The white very ugly thing headbutts you but does no damage.
The thrashing horror tramples you but does no damage.
You block the thrashing horror's attack.
You slash the white very ugly thing!
The white very ugly thing is severely wounded.
You hit the thrashing horror but do no damage.
The thrashing horror tramples you but does no damage. x2
The white very ugly thing headbutts you but does no damage.
You barely miss the white very ugly thing.
The white very ugly thing is severely wounded.
You slice the thrashing horror!!
You destroy the thrashing horror!
Okawaru accepts your kill.
A smoke demon comes into view.
The white very ugly thing headbutts you.
The white very ugly thing freezes you!!!
You feel a terrible chill!
Ouch! That really hurt!
You die...

# ## . # ....#. .
#. # # # .. ... .
# .# . .....#. #
#. ... # 3.#
#....# # #. ยค # #
...# ..####.## .
.. .#
#....XXZ#.#...#.
.. ##..##u#...#
..# #
#....@X5.#.#....
.##'
...#######........
. . ##.....##. #
.. .... #.## # #
#...).. .. # . ...
#.#... .. # . #...
.## . # # # #..# #
. .#X . .. .#


You could see a white very ugly thing, 2 thrashing horrors, a smoke demon
(wandering), an ufetubus and a harpy zombie.

Vanquished Creatures
  A profane servitor (Abyss:3)
  A bone dragon (Abyss:3)
  An Executioner (Abyss:3)
  A tentacled starspawn (Abyss:3)
  Frances (D:14)
  Agnes (D:14)
  Kirke (Lair:3)
  A balrug (Abyss:3)
  A very ugly thing (Abyss:3)
  An ironbound preserver (D:14)
  A dire elephant (Lair:2)
  A minotaur (Gauntlet)
  Josephine (D:10)
  Fannar (D:10)
  12 hydras
  A great orb of eyes (Abyss:3)
  2 catoblepae
  2 boulder beetles
  A ghost crab (Gauntlet)
  A centaur warrior (D:14)
  A tengu warrior (D:14)
  4 two-headed ogres
  An alligator (Lair:2)
  17 death yaks
  Urug (D:11)
  Nergalle (D:12)
  Sonja (Lair:5)
  5 thrashing horrors (Abyss:3)
  2 sixfirhies (Abyss:3)
  2 wretched stars (Abyss:3)
  Lodul (D:10)
  A deep troll (Lair:1)
  A wizard (D:10)
  2 glowing orange brains (Gauntlet)
  A spriggan simulacrum (Abyss:3)
  4 deep elf pyromancers
  A lindwurm (Lair:5)
  A harpy (shapeshifter) (Abyss:3)
  4 manticores
  6 ugly things
  8 slime creatures
  A cyclops (D:14)
  14 elephants
  7 black mambas
  Maurice (D:10)
  13 cane toads
  A smoke demon (Abyss:3)
  2 molten gargoyles (Lair:5)
  A hellion (Abyss:3)
  A torpor snail (Lair:5)
  4 gargoyles
  12 komodo dragons
  Maggie (D:7)
  8 rime drakes
  Psyche (D:8)
  A kobold demonologist (D:11)
  2 freezing wraiths (D:14)
  3 ancient zymes (Abyss:3)
  4 polar bears
  A meliai (Lair:2)
  A queen bee (Lair:2)
  3 trolls
  8 raiju
  30 blink frogs
  9 flying skulls (Abyss:3)
  A jumping spider (shapeshifter) (D:14)
  3 water elementals (Abyss:3)
  2 shadows
  17 wyverns
  A centaur simulacrum (D:14)
  A fire bat (shapeshifter) (D:14)
  2 ynoxinuls (Abyss:3)
  3 hogs (Lair:3)
  4 wraiths
  59 yaks
  A vampire (D:11)
  2 humans (Lair:3)
  22 basilisks
  A chaos spawn (Abyss:3)
  7 steam dragons
  4 vampire mosquitoes (D:12)
  2 neqoxecs (Abyss:3)
  4 hell hounds (Lair:5)
  6 large abominations (Abyss:3)
  10 water moccasins
  7 orc warriors
  5 black bears
  3 ice beasts (D:7)
  A sky beast (D:7)
  9 ogres
  A boggart (D:14)
  3 centaurs
  25 wolves
  19 kobold brigands
  2 phantoms
  15 bullfrogs
  2 earth elementals (Abyss:3)
  A small abomination (Abyss:3)
  Blork the orc (D:6)
  A gnoll sergeant (D:5)
  5 scorpions
  7 wights
  29 killer bees (Lair:2)
  A howler monkey (D:9)
  5 lava snakes (Lair:5)
  6 starcursed masses (Abyss:3)
  6 hounds
  3 iguanas
  6 orc priests
  3 gnoll boudas
  3 jellies
  10 orc wizards
  12 hell rats
  23 gnolls
  11 adders
  8 river rats (Sewer)
  A shadow imp (D:5)
  2 white imps
  An ufetubus (Abyss:3)
  A worm (D:3)
  7 dart slugs
  39 orcs
  15 ball pythons
  5 bats
  3 endoplasms
  9 giant cockroaches
  5 goblins
  5 quokkas
  5 frilled lizards
  33 kobolds
  21 rats
764 creatures vanquished.

Vanquished Creatures (others)
  An elephant (Lair:2)
  An ice beast (Abyss:3)
  37 fungi
  A lurking horror (Abyss:3)
  47 plants
  2 withered plants (D:12)
89 creatures vanquished.

Grand Total: 853 creatures vanquished

Notes
Turn   | Place    | Note
-------+----------+-------------------------------------------
     0 | D:1      | qw the Gargoyle Fighter began the quest for the Orb.
     0 | D:1      | Reached XP level 1. HP: 14/14 MP: 1/1
     0 | D:1      | 0 ||| qw: Version: 0.1-a-116-g5d60599
     0 | D:1      | 0 ||| qw: Game counter: 7524
     0 | D:1      | 0 ||| qw: Always use a shield: true
     0 | D:1      | 0 ||| qw: God list: Okawaru
     0 | D:1      | 0 ||| qw: Allow faded altars: false
     0 | D:1      | 0 ||| qw: Do Orc after D:15 true
     0 | D:1      | 0 ||| qw: Do second Lair branch before Depths: true
     0 | D:1      | 0 ||| qw: Lair rune preference: random
     0 | D:1      | 0 ||| qw: Plans: Normal, Zot, God:TSO, Crypt, Tomb, Zig,
                  | Orb
     0 | D:1      | 0 ||| PLANNING D:1-11
    48 | D:1      | 48 ||| Stepping ~*~*~tactically~*~*~ (stealth).
    54 | D:1      | Reached skill level 2 in Axes
    54 | D:1      | HP: 2/14 [ball python (3)]
   216 | D:1      | 216 ||| Stepping ~*~*~tactically~*~*~ (hiding).
   218 | D:1      | 218 ||| Stepping ~*~*~tactically~*~*~ (hiding).
   402 | D:1      | Reached XP level 2. HP: 19/19 MP: 2/2
   494 | D:1      | 494 ||| Stepping ~*~*~tactically~*~*~ (stealth).
   495 | D:1      | 495 ||| Stepping ~*~*~tactically~*~*~ (stealth).
   779 | D:1      | Reached skill level 3 in Axes
   916 | D:1      | Reached XP level 3. HP: 22/23 MP: 3/3
  1195 | D:1      | 1195 ||| UPGRADING to amulet of regeneration.
  1243 | D:2      | 1243 ||| Stepping randomly (stuck).
  1256 | D:2      | 1256 ||| Stepping ~*~*~tactically~*~*~ (stealth).
  1426 | D:2      | 1426 ||| Stepping ~*~*~tactically~*~*~ (stealth).
  1602 | D:2      | 1602 ||| Stepping ~*~*~tactically~*~*~ (stealth).
  1988 | D:2      | 1988 ||| READING scroll labelled JENKIHOGAPH.
  1989 | D:2      | 1989 ||| READING scroll labelled WAPNOCZ OCVIAW.
  1990 | D:2      | 1990 ||| READING scroll labelled CUWICA UTUIGI.
  1990 | D:2      | Identified a scroll of acquirement
  1990 | D:2      | 1990 ||| ACQUIRING +6 morningstar of holy wrath
  1990 | D:2      | Acquired a +6 morningstar of holy wrath
  1992 | D:2      | 1992 ||| DROPPING +0 whip.
  1993 | D:2      | 1993 ||| DRINKING 2 bubbling pink potions.
  2050 | D:3      | 2050 ||| PLANNING SEWER
  2065 | D:3      | Reached XP level 4. HP: 28/28 MP: 4/4
  2070 | D:3      | 2070 ||| Stepping ~*~*~tactically~*~*~ (hiding).
  2153 | D:3      | Reached skill level 4 in Axes
  2220 | D:3      | Found a glowing drain.
  2229 | D:3      | 2229 ||| UPGRADING to +1 pair of gloves.
  2234 | D:3      | 2234 ||| READING scroll labelled SIMARY YZOASK.
  2248 | Sewer    | Entered a sewer
  2257 | Sewer    | 2257 ||| Stepping ~*~*~tactically~*~*~ (stealth).
  2258 | Sewer    | 2258 ||| Stepping ~*~*~tactically~*~*~ (stealth).
  2260 | Sewer    | 2260 ||| Stepping ~*~*~tactically~*~*~ (stealth).
  2265 | Sewer    | 2265 ||| Stepping ~*~*~tactically~*~*~ (stealth).
  2280 | Sewer    | 2280 ||| Stepping ~*~*~tactically~*~*~ (stealth).
  2282 | Sewer    | 2282 ||| Stepping ~*~*~tactically~*~*~ (stealth).
  2285 | Sewer    | 2285 ||| Stepping ~*~*~tactically~*~*~ (stealth).
  2287 | Sewer    | 2287 ||| Stepping ~*~*~tactically~*~*~ (stealth).
  2288 | Sewer    | 2288 ||| Stepping ~*~*~tactically~*~*~ (stealth).
  2308 | Sewer    | Noticed a kobold brigand
  2317 | Sewer    | Killed a kobold brigand
  2318 | Sewer    | Reached skill level 5 in Axes
  2318 | Sewer    | Reached XP level 5. HP: 31/32 MP: 5/5
  2417 | Sewer    | Reached skill level 1 in Throwing
  2421 | Sewer    | Reached XP level 6. HP: 16/38 MP: 6/6
  2499 | Sewer    | 2499 ||| Stepping ~*~*~tactically~*~*~ (stealth).
  2501 | Sewer    | 2501 ||| Stepping ~*~*~tactically~*~*~ (stealth).
  2512 | Sewer    | 2512 ||| Stepping ~*~*~tactically~*~*~ (stealth).
  2644 | Sewer    | Reached skill level 1 in Dodging
  2846 | Sewer    | 2846 ||| UPGRADING to +0 helmet.
  2851 | Sewer    | 2851 ||| READING scroll labelled KUACIT HOYLIG.
  2852 | Sewer    | 2852 ||| READING 2 scrolls labelled ETAMEURYLI.
  2857 | Sewer    | 2857 ||| DRINKING 2 fuming ruby potions.
  2858 | Sewer    | 2858 ||| DRINKING 3 dark potions.
  2859 | Sewer    | 2859 ||| DROPPING 2 potions of invisibility.
  2874 | D:3      | 2874 ||| PLANNING D:1-11
  3234 | D:3      | 3234 ||| DROPPING ring of magical power.
  3235 | D:3      | 3235 ||| READING scroll labelled OGROLO CECWERE.
  3236 | D:3      | 3236 ||| DRINKING 2 murky ruby potions.
  3237 | D:3      | 3237 ||| DRINKING 2 purple potions.
  3333 | D:4      | Noticed a black bear
  3342 | D:4      | Killed a black bear
  3356 | D:4      | Found a blossoming altar of Fedhas.
  3359 | D:4      | Found a hazy altar of Hepliaklqana.
  3376 | D:4      | Reached skill level 6 in Axes
  3376 | D:4      | Reached XP level 7. HP: 39/43 MP: 7/7
  3966 | D:4      | Found a sparkling altar of Nemelex Xobeh.
  4181 | D:4      | 4181 ||| UPGRADING to +0 plate armour.
  4191 | D:4      | 4191 ||| DROPPING +0 scale mail.
  4192 | D:4      | 4192 ||| UPGRADING to +6 ring of dexterity.
  4193 | D:4      | 4193 ||| READING scroll labelled YLISEHAORCH.
  4194 | D:4      | 4194 ||| DRINKING 2 red potions.
  4194 | D:4      | Gained mutation: Your movements are slightly less
                  | encumbered by armour. (ER -2) [potion of mutation]
  4195 | D:4      | 4195 ||| DRINKING 2 emerald potions.
  4233 | D:5      | Entered Level 5 of the Dungeon
  4350 | D:5      | 4350 ||| Stepping ~*~*~tactically~*~*~ (hiding).
  4360 | D:5      | Reached skill level 7 in Axes
  4360 | D:5      | 4360 ||| Stepping ~*~*~tactically~*~*~ (hiding).
  4424 | D:5      | Reached XP level 8. HP: 48/48 MP: 8/8
  4516 | D:5      | 4516 ||| Stepping ~*~*~tactically~*~*~ (hiding).
  4711 | D:5      | Reached skill level 8 in Axes
  5208 | D:5      | 5208 ||| UPGRADING to +0 pair of boots.
  5213 | D:5      | 5213 ||| READING scroll labelled FUJIHINUXA.
  5214 | D:5      | 5214 ||| READING scroll labelled PEFENN GIHALU.
  5215 | D:5      | 5215 ||| DRINKING 3 sedimented white potions.
  5371 | D:6      | Reached skill level 6 in Fighting
  5429 | D:6      | 5429 ||| FLEEEEING.
  5430 | D:6      | 5430 ||| FLEEEEING.
  5431 | D:6      | 5431 ||| FLEEEEING.
  5433 | D:6      | 5433 ||| FLEEEEING.
  5434 | D:6      | 5434 ||| FLEEEEING.
  5439 | D:6      | 5439 ||| STAIRDANCE
  5636 | D:6      | Found a staircase to the Ecumenical Temple.
  5637 | D:6      | 5637 ||| PLANNING TEMPLE
  5652 | D:6      | Reached skill level 6 in Armour
  5652 | D:6      | Reached XP level 9. HP: 41/55 MP: 9/9
  5669 | Temple   | Entered the Ecumenical Temple
  5894 | Temple   | 5894 ||| PLANNING D:1-11
  5946 | Temple   | Became a worshipper of Warmaster Okawaru
  6423 | D:6      | Noticed Blork the orc
  6424 | D:6      | 6424 ||| Stepping ~*~*~tactically~*~*~ (hiding).
  6429 | D:6      | 6429 ||| DRINKING 3 potions of curing.
  6429 | D:6      | 6429 ||| (to cure confusion)
  6436 | D:6      | 6436 ||| DRINKING 2 potions of curing.
  6436 | D:6      | 6436 ||| (to cure confusion)
  6439 | D:6      | Killed Blork the orc
  6715 | D:6      | Found a sacrificial altar of Ru.
  6717 | D:6      | 6717 ||| DRINKING 2 yellow potions.
  6718 | D:6      | 6718 ||| DROPPING potion of degeneration.
  6754 | D:7      | Found Focvae's Distillery.
  6763 | D:7      | 6763 ||| BUYING potion of curing (42 gold).
  6763 | D:7      | Bought a potion of curing for 42 gold pieces
  6763 | D:7      | 6763 ||| BUYING potion of curing (42 gold).
  6763 | D:7      | Bought a potion of curing for 42 gold pieces
  6763 | D:7      | 6763 ||| BUYING potion of curing (42 gold).
  6763 | D:7      | Bought a potion of curing for 42 gold pieces
  6763 | D:7      | 6763 ||| BUYING potion of curing (42 gold).
  6763 | D:7      | Bought a potion of curing for 42 gold pieces
  6763 | D:7      | 6763 ||| BUYING potion of haste (140 gold).
  6763 | D:7      | Bought a potion of haste for 140 gold pieces
  6763 | D:7      | 6763 ||| BUYING potion of heal wounds (70 gold).
  6763 | D:7      | Bought a potion of heal wounds for 70 gold pieces
  6763 | D:7      | 6763 ||| SHOPLISTING potion of resistance (140 gold, have
                  | 8).
  6763 | D:7      | Found a broken altar of Ashenzari.
  6845 | D:7      | Noticed Maggie
  6846 | D:7      | 6846 ||| Stepping ~*~*~tactically~*~*~ (hiding).
  6859 | D:7      | HP: 13/55 [Maggie/+2 glaive of distortion (4)]
  6860 | D:7      | 6860 ||| READING 2 scrolls of teleportation.
  6863 | D:7      | 6863 ||| DRINKING 3 potions of heal wounds.
  6955 | D:7      | Reached skill level 9 in Axes
  7005 | D:7      | Reached * piety under Okawaru
  7014 | D:7      | You fall into a shaft and drop 1 floor!
  7026 | D:8      | Noticed a two-headed ogre
  7027 | D:8      | 7027 ||| INVOKING Heroism.
  7028 | D:8      | 7028 ||| INVOKING Heroism.
  7033 | D:8      | Killed a two-headed ogre
  7034 | D:8      | Reached skill level 3 in Invocations
  7067 | D:8      | 7067 ||| DRINKING 2 green potions.
  7172 | D:8      | 7172 ||| READING 2 scrolls of identify.
  7172 | D:8      | 7172 ||| IDENTIFYING fuming yellow potion
  7173 | D:8      | 7173 ||| DROPPING potion of brilliance.
  7174 | D:8      | 7174 ||| DROPPING potion of berserk rage.
  7189 | D:8      | Reached ** piety under Okawaru
  7206 | D:8      | 7206 ||| Stepping ~*~*~tactically~*~*~ (stealth).
  7208 | D:8      | 7208 ||| Stepping ~*~*~tactically~*~*~ (hiding).
  7214 | D:8      | 7214 ||| INVOKING Heroism.
  7285 | D:7      | Reached XP level 10. HP: 61/61 MP: 13/13
  7309 | D:7      | 7309 ||| Stepping ~*~*~tactically~*~*~ (hiding).
  7312 | D:7      | 7312 ||| INVOKING Heroism.
  7342 | D:7      | 7342 ||| INVOKING Heroism.
  7414 | D:7      | 7414 ||| INVOKING Heroism.
  7469 | D:7      | 7469 ||| Stepping ~*~*~tactically~*~*~ (hiding).
  7470 | D:7      | 7470 ||| Stepping ~*~*~tactically~*~*~ (hiding).
  7494 | D:7      | 7494 ||| INVOKING Heroism.
  7553 | D:7      | Found an ornate altar of the Wu Jian Council.
  7649 | D:7      | 7649 ||| INVOKING Heroism.
  7651 | D:7      | Killed Maggie
  7652 | D:7      | Reached skill level 10 in Axes
  7724 | D:7      | 7724 ||| INVOKING Heroism.
  8003 | D:7      | 8003 ||| UPGRADING to +0 kite shield.
  8013 | D:7      | 8013 ||| DROPPING +0 buckler.
  8014 | D:7      | 8014 ||| UPGRADING to +0 cloak.
  8019 | D:7      | 8019 ||| READING scroll labelled OBEUHUY TELA.
  8020 | D:7      | 8020 ||| DRINKING 2 amethyst potions.
  8021 | D:7      | 8021 ||| READING 2 scrolls of identify.
  8021 | D:7      | 8021 ||| IDENTIFYING sedimented puce potion
  8022 | D:7      | 8022 ||| DROPPING potion of flight.
  8085 | D:8      | Noticed Psyche
  8086 | D:8      | 8086 ||| INVOKING Heroism.
  8100 | D:8      | Killed Psyche
  8185 | D:8      | 8185 ||| INVOKING Heroism.
  8187 | D:8      | 8187 ||| Stepping ~*~*~tactically~*~*~ (stealth).
  8242 | D:8      | Reached skill level 6 in Shields
  8248 | D:8      | 8248 ||| Stepping ~*~*~tactically~*~*~ (stealth).
  8249 | D:8      | 8249 ||| Stepping ~*~*~tactically~*~*~ (stealth).
  8263 | D:8      | Reached *** piety under Okawaru
  8280 | D:8      | Found a staircase to the Lair.
  8281 | D:8      | 8281 ||| INVOKING Heroism.
  8362 | D:8      | 8362 ||| INVOKING Heroism.
  8424 | D:8      | Found a stormy altar of Qazlal.
  8668 | D:8      | Found a glowing silver altar of Zin.
  8669 | D:8      | Noticed an angel
  8710 | D:8      | Identified the +0 scale mail of the Ladybird {rElec}
  8777 | D:8      | 8777 ||| PLANNING LAIR
  8829 | Lair:1   | Entered Level 1 of the Lair of Beasts
  8892 | Lair:1   | 8892 ||| INVOKING Heroism.
  8893 | Lair:1   | 8893 ||| Stepping ~*~*~tactically~*~*~ (stealth).
  8907 | Lair:1   | Noticed a cane toad
  8916 | Lair:1   | 8916 ||| INVOKING Heroism.
  8919 | Lair:1   | Killed a cane toad
  8920 | Lair:1   | Reached skill level 9 in Shields
  8920 | Lair:1   | Reached XP level 11. HP: 67/67 MP: 11/14
  8938 | Lair:1   | Reached **** piety under Okawaru
  8956 | Lair:1   | Noticed a six-headed hydra
  8957 | Lair:1   | 8957 ||| INVOKING Heroism.
  8960 | Lair:1   | 8960 ||| SWAPPING to +6 morningstar of holy wrath.
  8967 | Lair:1   | Killed a six-headed hydra
  8968 | Lair:1   | 8968 ||| SWAPPING to +1 vampiric war axe.
  8983 | Lair:1   | 8983 ||| INVOKING Heroism.
  9000 | Lair:1   | 9000 ||| INVOKING Heroism.
  9018 | Lair:1   | 9018 ||| INVOKING Heroism.
  9058 | Lair:1   | 9058 ||| Stepping ~*~*~tactically~*~*~ (stealth).
  9059 | Lair:1   | 9059 ||| Stepping ~*~*~tactically~*~*~ (stealth).
  9061 | Lair:1   | 9061 ||| INVOKING Heroism.
  9112 | Lair:1   | 9112 ||| INVOKING Heroism.
  9139 | Lair:1   | 9139 ||| INVOKING Heroism.
  9141 | Lair:1   | Reached skill level 6 in Invocations
  9180 | Lair:1   | Noticed a death yak
  9180 | Lair:1   | Noticed a death yak
  9180 | Lair:1   | Noticed a death yak
  9181 | Lair:1   | 9181 ||| Stepping ~*~*~tactically~*~*~ (stealth).
  9182 | Lair:1   | Noticed a death yak
  9183 | Lair:1   | 9183 ||| INVOKING Heroism.
  9186 | Lair:1   | 9186 ||| Stepping ~*~*~tactically~*~*~ (stealth).
  9193 | Lair:1   | Noticed a death yak
  9198 | Lair:1   | Killed a death yak
  9205 | Lair:1   | 9205 ||| INVOKING Heroism.
  9214 | Lair:1   | Killed a death yak
  9228 | Lair:1   | Killed a death yak
  9228 | Lair:1   | Reached ***** piety under Okawaru
  9228 | Lair:1   | Killed a death yak
  9229 | Lair:1   | 9229 ||| INVOKING Finesse.
  9233 | Lair:1   | Killed a death yak
  9234 | Lair:1   | Reached skill level 11 in Axes
  9384 | Lair:1   | You fall into a shaft and drop 1 floor!
  9432 | Lair:2   | 9432 ||| Stepping ~*~*~tactically~*~*~ (stealth).
  9439 | Lair:2   | 9439 ||| INVOKING Heroism.
  9456 | Lair:2   | 9456 ||| Stepping ~*~*~tactically~*~*~ (stealth).
  9466 | Lair:2   | 9466 ||| Stepping ~*~*~tactically~*~*~ (stealth).
  9472 | Lair:2   | Reached XP level 12. HP: 73/73 MP: 18/18
  9491 | Lair:2   | 9491 ||| Stepping ~*~*~tactically~*~*~ (stealth).
  9514 | Lair:2   | 9514 ||| INVOKING Heroism.
  9526 | Lair:2   | 9526 ||| Stepping ~*~*~tactically~*~*~ (stealth).
  9527 | Lair:2   | 9527 ||| Stepping ~*~*~tactically~*~*~ (stealth).
  9529 | Lair:2   | 9529 ||| Stepping ~*~*~tactically~*~*~ (stealth).
  9537 | Lair:2   | 9537 ||| Stepping ~*~*~tactically~*~*~ (hiding).
  9538 | Lair:2   | 9538 ||| INVOKING Heroism.
  9607 | Lair:2   | 9607 ||| Stepping ~*~*~tactically~*~*~ (stealth).
  9612 | Lair:2   | Reached skill level 9 in Invocations
  9619 | Lair:2   | 9619 ||| INVOKING Heroism.
  9647 | Lair:2   | 9647 ||| Stepping ~*~*~tactically~*~*~ (stealth).
  9668 | Lair:2   | Identified the +2 long sword of Aroroedu {spect, rC++}
  9669 | Lair:2   | 9669 ||| Stepping ~*~*~tactically~*~*~ (hiding).
  9670 | Lair:2   | 9670 ||| Stepping ~*~*~tactically~*~*~ (hiding).
  9672 | Lair:2   | 9672 ||| INVOKING Heroism.
  9735 | Lair:2   | 9735 ||| Stepping ~*~*~tactically~*~*~ (stealth).
  9738 | Lair:2   | 9738 ||| Stepping ~*~*~tactically~*~*~ (stealth).
  9739 | Lair:2   | 9739 ||| Stepping ~*~*~tactically~*~*~ (stealth).
  9770 | Lair:2   | 9770 ||| Stepping ~*~*~tactically~*~*~ (stealth).
  9772 | Lair:2   | 9772 ||| Stepping ~*~*~tactically~*~*~ (stealth).
  9774 | Lair:2   | 9774 ||| Stepping ~*~*~tactically~*~*~ (stealth).
  9826 | Lair:2   | 9826 ||| Stepping ~*~*~tactically~*~*~ (stealth).
  9829 | Lair:2   | 9829 ||| Stepping ~*~*~tactically~*~*~ (stealth).
  9834 | Lair:2   | 9834 ||| Stepping ~*~*~tactically~*~*~ (stealth).
  9885 | Lair:2   | 9885 ||| Stepping ~*~*~tactically~*~*~ (stealth).
  9886 | Lair:2   | 9886 ||| INVOKING Heroism.
  9896 | Lair:2   | Reached skill level 9 in Fighting
  9917 | Lair:2   | 9917 ||| READING scroll labelled WEOGYIR YRET.
 10099 | Lair:1   | Reached ****** piety under Okawaru
 10099 | Lair:1   | Received a gift from Okawaru
 10103 | Lair:1   | 10103 ||| DROPPING +6 morningstar of holy wrath.
 10130 | Lair:1   | 10130 ||| INVOKING Heroism.
 10532 | Lair:2   | 10532 ||| INVOKING Heroism.
 10542 | Lair:2   | Reached skill level 9 in Armour
 10619 | Lair:2   | 10619 ||| INVOKING Heroism.
 10620 | Lair:2   | 10620 ||| Stepping ~*~*~tactically~*~*~ (stealth).
 10640 | Lair:2   | 10640 ||| INVOKING Heroism.
 10685 | Lair:2   | Found a staircase to the Swamp.
 10686 | Lair:2   | Found a hole to the Spider Nest.
 10818 | Lair:2   | 10818 ||| INVOKING Heroism.
 10868 | Lair:2   | 10868 ||| INVOKING Heroism.
 10876 | Lair:2   | Reached skill level 12 in Axes
 10888 | Lair:2   | Reached skill level 3 in Dodging
 10894 | Lair:2   | Reached XP level 13. HP: 80/80 MP: 20/20
 10896 | Lair:2   | Received a gift from Okawaru
 10898 | Lair:2   | Noticed a dire elephant
 10906 | Lair:2   | 10906 ||| Stepping ~*~*~tactically~*~*~ (stealth).
 10917 | Lair:2   | 10917 ||| INVOKING Heroism.
 10931 | Lair:2   | Killed a dire elephant
 10931 | Lair:2   | Received a gift from Okawaru
 10944 | Lair:2   | 10944 ||| FLEEEEING.
 10948 | Lair:2   | 10948 ||| SWAPPING to +4 hand axe of flaming.
 10958 | Lair:2   | 10958 ||| SWAPPING to +1 vampiric war axe.
 11000 | Lair:2   | 11000 ||| DROPPING +4 broad axe of distortion.
 11011 | Lair:2   | 11011 ||| Stepping ~*~*~tactically~*~*~ (stealth).
 11017 | Lair:2   | 11017 ||| INVOKING Heroism.
 11057 | Lair:2   | 11057 ||| INVOKING Finesse.
 11082 | Lair:2   | 11082 ||| INVOKING Heroism.
 11142 | Lair:2   | 11142 ||| Stepping ~*~*~tactically~*~*~ (hiding).
 11147 | Lair:2   | 11147 ||| INVOKING Heroism.
 11504 | Lair:2   | 11504 ||| UPGRADING to +4 ring of slaying {mikee}.
 11505 | Lair:2   | 11505 ||| DRINKING 2 fuming cyan potions.
 11520 | Lair:3   | 11520 ||| STAIRDANCE
 11528 | Lair:3   | 11528 ||| STAIRDANCE
 11547 | Lair:3   | 11547 ||| INVOKING Heroism.
 11618 | Lair:3   | Noticed Kirke
 11618 | Lair:3   | 11618 ||| INVOKING Heroism.
 11619 | Lair:3   | 11619 ||| INVOKING Finesse.
 11629 | Lair:3   | 11629 ||| DRINKING potion of cancellation.
 11641 | Lair:3   | Killed Kirke
 11641 | Lair:3   | Received a gift from Okawaru
 11743 | Lair:3   | 11743 ||| INVOKING Heroism.
 11744 | Lair:3   | 11744 ||| Stepping ~*~*~tactically~*~*~ (stealth).
 11746 | Lair:3   | 11746 ||| SWAPPING to +4 hand axe of flaming.
 11747 | Lair:3   | 11747 ||| Stepping ~*~*~tactically~*~*~ (stealth).
 11756 | Lair:3   | 11756 ||| SWAPPING to +1 vampiric war axe.
 11853 | Lair:3   | 11853 ||| INVOKING Heroism.
 11892 | Lair:3   | 11892 ||| INVOKING Heroism.
 11925 | Lair:3   | 11925 ||| Stepping ~*~*~tactically~*~*~ (stealth).
 11926 | Lair:3   | 11926 ||| Stepping ~*~*~tactically~*~*~ (stealth).
 11934 | Lair:3   | Reached skill level 13 in Axes
 12051 | Lair:3   | 12051 ||| INVOKING Heroism.
 12091 | Lair:3   | 12091 ||| Stepping ~*~*~tactically~*~*~ (hiding).
 12097 | Lair:3   | 12097 ||| INVOKING Heroism.
 12232 | Lair:3   | 12232 ||| Stepping ~*~*~tactically~*~*~ (hiding).
 12274 | Lair:3   | 12274 ||| Stepping ~*~*~tactically~*~*~ (stealth).
 12275 | Lair:3   | 12275 ||| Stepping ~*~*~tactically~*~*~ (stealth).
 12276 | Lair:3   | 12276 ||| Stepping ~*~*~tactically~*~*~ (stealth).
 12278 | Lair:3   | 12278 ||| Stepping ~*~*~tactically~*~*~ (stealth).
 12362 | Lair:3   | 12362 ||| Stepping ~*~*~tactically~*~*~ (stealth).
 12436 | Lair:3   | 12436 ||| Stepping ~*~*~tactically~*~*~ (stealth).
 12437 | Lair:3   | 12437 ||| INVOKING Heroism.
 12452 | Lair:3   | Reached skill level 14 in Axes
 12510 | Lair:3   | 12510 ||| UPGRADING to +2 pair of gloves of stealth.
 12520 | Lair:3   | 12520 ||| DROPPING +1 pair of gloves.
 12521 | Lair:3   | 12521 ||| DROPPING +6 ring of intelligence.
 12522 | Lair:3   | 12522 ||| READING scroll labelled POIS FAEDE.
 12608 | Lair:4   | 12608 ||| INVOKING Heroism.
 12680 | Lair:4   | 12680 ||| Stepping ~*~*~tactically~*~*~ (stealth).
 12682 | Lair:4   | 12682 ||| Stepping ~*~*~tactically~*~*~ (stealth).
 12685 | Lair:4   | 12685 ||| INVOKING Heroism.
 12688 | Lair:4   | Gained mutation: Your large and strong wings let you fly.
                  | [Gargoyle growth]
 12688 | Lair:4   | Reached XP level 14. HP: 88/88 MP: 18/21
 12690 | Lair:4   | 12690 ||| Stepping ~*~*~tactically~*~*~ (stealth).
 12691 | Lair:4   | 12691 ||| Stepping ~*~*~tactically~*~*~ (stealth).
 12692 | Lair:4   | 12692 ||| Stepping ~*~*~tactically~*~*~ (stealth).
 12695 | Lair:4   | 12695 ||| Stepping ~*~*~tactically~*~*~ (stealth).
 12705 | Lair:4   | Reached skill level 3 in Throwing
 12759 | Lair:4   | 12759 ||| INVOKING Heroism.
 12760 | Lair:4   | 12760 ||| INVOKING Finesse.
 12761 | Lair:4   | 12761 ||| SWAPPING to +4 hand axe of flaming.
 12772 | Lair:4   | 12772 ||| SWAPPING to +1 vampiric war axe.
 12777 | Lair:4   | 12777 ||| Stepping ~*~*~tactically~*~*~ (stealth).
 12781 | Lair:4   | 12781 ||| Stepping ~*~*~tactically~*~*~ (stealth).
 12782 | Lair:4   | 12782 ||| Stepping ~*~*~tactically~*~*~ (stealth).
 12850 | Lair:4   | 12850 ||| Stepping ~*~*~tactically~*~*~ (stealth).
 12853 | Lair:4   | 12853 ||| INVOKING Heroism.
 12859 | Lair:4   | Identified the +1 ice dragon scales "Uphaq" {rElec rF- rC++
                  | Will+ Int+3} (Okawaru gifted it to you on level 4 of the
                  | Lair of Beasts)
 12859 | Lair:4   | Received a gift from Okawaru
 12896 | Lair:4   | 12896 ||| INVOKING Finesse.
 12897 | Lair:4   | 12897 ||| INVOKING Heroism.
 12900 | Lair:4   | 12900 ||| Stepping ~*~*~tactically~*~*~ (stealth).
 12911 | Lair:4   | 12911 ||| Stepping ~*~*~tactically~*~*~ (stealth).
 12912 | Lair:4   | 12912 ||| Stepping ~*~*~tactically~*~*~ (stealth).
 12980 | Lair:4   | 12980 ||| Stepping ~*~*~tactically~*~*~ (stealth).
 13017 | Lair:4   | Found a runed translucent door.
 13021 | Lair:4   | Noticed qw's ghost (journeyman GrFi)
 13021 | Lair:4   | Identified the +4 trident "Gargoyle's Doom" {freeze, Drain
                  | Int+3 Dex+2}
 13027 | Lair:4   | 13027 ||| FLEEEEING.
 13028 | Lair:4   | 13028 ||| FLEEEEING.
 13451 | Lair:4   | 13451 ||| UPGRADING to +1 ice dragon scales "Uphaq" {rElec
                  | rF- rC++ Will+ Int+3}.
 13461 | Lair:4   | 13461 ||| READING scroll labelled PISOPP FIBI.
 13471 | Lair:5   | Entered Level 5 of the Lair of Beasts
 13472 | Lair:5   | 13472 ||| STAIRDANCE
 13499 | Lair:5   | 13499 ||| STAIRDANCE
 13521 | Lair:5   | 13521 ||| STAIRDANCE
 13523 | Lair:4   | 13523 ||| INVOKING Heroism.
 13524 | Lair:4   | 13524 ||| SWAPPING to +4 hand axe of flaming.
 13529 | Lair:4   | 13529 ||| SWAPPING to +1 vampiric war axe.
 13570 | Lair:5   | 13570 ||| INVOKING Heroism.
 13571 | Lair:5   | 13571 ||| INVOKING Finesse.
 13766 | Lair:5   | 13766 ||| Stepping ~*~*~tactically~*~*~ (stealth).
 13769 | Lair:5   | 13769 ||| INVOKING Heroism.
 13797 | Lair:5   | Reached skill level 12 in Shields
 13815 | Lair:5   | 13815 ||| FLEEEEING.
 13816 | Lair:5   | 13816 ||| FLEEEEING.
 13817 | Lair:5   | 13817 ||| FLEEEEING.
 13818 | Lair:5   | 13818 ||| FLEEEEING.
 13819 | Lair:5   | 13819 ||| STAIRDANCE
 13893 | Lair:5   | 13893 ||| FLEEEEING.
 13894 | Lair:5   | 13894 ||| FLEEEEING.
 13895 | Lair:5   | 13895 ||| FLEEEEING.
 13896 | Lair:5   | 13896 ||| FLEEEEING.
 13897 | Lair:5   | 13897 ||| FLEEEEING.
 13898 | Lair:5   | 13898 ||| FLEEEEING.
 13901 | Lair:5   | 13901 ||| FLEEEEING.
 13902 | Lair:5   | 13902 ||| FLEEEEING.
 13903 | Lair:5   | 13903 ||| FLEEEEING.
 13904 | Lair:5   | 13904 ||| STAIRDANCE
 13993 | Lair:5   | 13993 ||| INVOKING Heroism.
 13996 | Lair:5   | 13996 ||| INVOKING Finesse.
 14108 | Lair:5   | 14108 ||| INVOKING Heroism.
 14109 | Lair:5   | 14109 ||| INVOKING Finesse.
 14119 | Lair:5   | 14119 ||| SWAPPING to +4 hand axe of flaming.
 14131 | Lair:5   | 14131 ||| SWAPPING to +1 vampiric war axe.
 14166 | Lair:5   | 14166 ||| Stepping ~*~*~tactically~*~*~ (stealth).
 14167 | Lair:5   | 14167 ||| Stepping ~*~*~tactically~*~*~ (stealth).
 14176 | Lair:5   | Noticed Sonja
 14177 | Lair:5   | 14177 ||| INVOKING Finesse.
 14180 | Lair:5   | 14180 ||| INVOKING Heroism.
 14185 | Lair:5   | 14185 ||| Stepping ~*~*~tactically~*~*~ (stealth).
 14190 | Lair:5   | Killed Sonja
 14195 | Lair:5   | 14195 ||| Stepping ~*~*~tactically~*~*~ (stealth).
 14244 | Lair:5   | Identified the +1 scale mail of Starshine {Harm rF+ Int-2
                  | Dex+2}
 14258 | Lair:5   | Found a staircase to the Slime Pits.
 14277 | Lair:5   | 14277 ||| STAIRDANCE
 14514 | Lair:5   | 14514 ||| INVOKING Heroism.
 14515 | Lair:5   | 14515 ||| INVOKING Finesse.
 14534 | Lair:5   | Reached skill level 15 in Axes
 14589 | Lair:5   | 14589 ||| INVOKING Heroism.
 14591 | Lair:5   | Reached XP level 15. HP: 93/94 MP: 19/22
 14591 | Lair:5   | 14591 ||| INVOKING Finesse.
 14599 | Lair:5   | 14599 ||| SWAPPING to +4 hand axe of flaming.
 14608 | Lair:5   | 14608 ||| SWAPPING to +1 vampiric war axe.
 14618 | Lair:5   | 14618 ||| Stepping ~*~*~tactically~*~*~ (stealth).
 14619 | Lair:5   | 14619 ||| INVOKING Heroism.
 14813 | Lair:5   | 14813 ||| Stepping ~*~*~tactically~*~*~ (hiding).
 14915 | Lair:5   | 14915 ||| Stepping ~*~*~tactically~*~*~ (hiding).
 14935 | Lair:5   | 14935 ||| Stepping ~*~*~tactically~*~*~ (hiding).
 14965 | Lair:5   | 14965 ||| INVOKING Heroism.
 15001 | Lair:5   | 15001 ||| Stepping ~*~*~tactically~*~*~ (stealth).
 15004 | Lair:5   | 15004 ||| Stepping ~*~*~tactically~*~*~ (stealth).
 15006 | Lair:5   | 15006 ||| Stepping ~*~*~tactically~*~*~ (stealth).
 15008 | Lair:5   | 15008 ||| Stepping ~*~*~tactically~*~*~ (stealth).
 15010 | Lair:5   | 15010 ||| Stepping ~*~*~tactically~*~*~ (stealth).
 15012 | Lair:5   | 15012 ||| Stepping ~*~*~tactically~*~*~ (stealth).
 15014 | Lair:5   | 15014 ||| Stepping ~*~*~tactically~*~*~ (stealth).
 15030 | Lair:5   | Found a large runed translucent door.
 15031 | Lair:5   | Found a large runed translucent door.
 15046 | Lair:5   | 15046 ||| FLEEEEING.
 15047 | Lair:5   | 15047 ||| FLEEEEING.
 15048 | Lair:5   | 15048 ||| FLEEEEING.
 15049 | Lair:5   | 15049 ||| FLEEEEING.
 15050 | Lair:5   | 15050 ||| FLEEEEING.
 15092 | Lair:5   | 15092 ||| INVOKING Heroism.
 15097 | Lair:5   | 15097 ||| Stepping ~*~*~tactically~*~*~ (hiding).
 15107 | Lair:5   | Reached skill level 12 in Fighting
 15111 | Lair:5   | 15111 ||| Stepping ~*~*~tactically~*~*~ (stealth).
 15122 | Lair:5   | 15122 ||| Stepping ~*~*~tactically~*~*~ (stealth).
 15124 | Lair:5   | 15124 ||| Stepping ~*~*~tactically~*~*~ (stealth).
 15129 | Lair:5   | 15129 ||| Stepping ~*~*~tactically~*~*~ (stealth).
 15143 | Lair:5   | 15143 ||| Stepping ~*~*~tactically~*~*~ (stealth).
 15145 | Lair:5   | 15145 ||| Stepping ~*~*~tactically~*~*~ (stealth).
 15149 | Lair:5   | 15149 ||| INVOKING Heroism.
 15150 | Lair:5   | 15150 ||| INVOKING Finesse.
 15153 | Lair:5   | 15153 ||| SWAPPING to +4 hand axe of flaming.
 15155 | Lair:5   | 15155 ||| SWAPPING to +1 vampiric war axe.
 15159 | Lair:5   | 15159 ||| SWAPPING to +4 hand axe of flaming.
 15172 | Lair:5   | 15172 ||| SWAPPING to +1 vampiric war axe.
 15180 | Lair:5   | 15180 ||| DROPPING ring of wizardry.
 15181 | Lair:5   | 15181 ||| Stepping ~*~*~tactically~*~*~ (cloud).
 15531 | Lair:5   | 15531 ||| PLANNING D:1-11
 15779 | D:9      | Received a gift from Okawaru
 15861 | D:9      | Found a burning altar of Makhleb.
 15877 | D:9      | 15877 ||| Stepping ~*~*~tactically~*~*~ (stealth).
 15879 | D:9      | 15879 ||| Stepping ~*~*~tactically~*~*~ (stealth).
 15905 | D:9      | Identified the +1 war axe "Wetergh" {speed, rF+ Will- Dex+3
                  | SInv}
 15907 | D:9      | 15907 ||| SWAPPING to +1 war axe "Wetergh" {speed, rF+
                  | Will- Dex+3 SInv}.
 15910 | D:9      | 15910 ||| Stepping ~*~*~tactically~*~*~ (stealth).
 15913 | D:9      | 15913 ||| Stepping ~*~*~tactically~*~*~ (stealth).
 15915 | D:9      | 15915 ||| Stepping ~*~*~tactically~*~*~ (hiding).
 16328 | D:10     | Entered Level 10 of the Dungeon
 16336 | D:10     | 16336 ||| Stepping ~*~*~tactically~*~*~ (stealth).
 16371 | D:10     | Noticed Fannar
 16372 | D:10     | 16372 ||| INVOKING Heroism.
 16388 | D:10     | 16388 ||| Stepping ~*~*~tactically~*~*~ (hiding).
 16403 | D:10     | Killed Fannar
 16403 | D:10     | Received a gift from Okawaru
 16417 | D:10     | 16417 ||| Stepping ~*~*~tactically~*~*~ (hiding).
 16531 | D:10     | Identified the +2 chain mail of Asyev {Drain rPois Will+++
                  | Stlth-}
 16613 | D:10     | Noticed Josephine
 16614 | D:10     | 16614 ||| Stepping ~*~*~tactically~*~*~ (hiding).
 16616 | D:10     | 16616 ||| Stepping ~*~*~tactically~*~*~ (hiding).
 16646 | D:10     | Killed Josephine
 16661 | D:10     | Found a glowing golden altar of the Shining One.
 16683 | D:10     | 16683 ||| INVOKING Heroism.
 16684 | D:10     | 16684 ||| Stepping ~*~*~tactically~*~*~ (stealth).
 16686 | D:10     | 16686 ||| SWAPPING to +4 hand axe of flaming.
 16691 | D:10     | 16691 ||| SWAPPING to +1 war axe "Wetergh" {speed, rF+
                  | Will- Dex+3 SInv}.
 16702 | Abyss:3  | Cast into level 3 of the Abyss (a wizard)
 16758 | Abyss:3  | Found a shimmering altar of Xom.
 16758 | Abyss:3  | Found a shimmering altar of Xom.
 16758 | Abyss:3  | Found a shimmering altar of Xom.
 16764 | Abyss:3  | Found a shimmering altar of Xom.
 16764 | Abyss:3  | Found a shimmering altar of Xom.
 16764 | Abyss:3  | Found a shimmering altar of Xom.
 16765 | Abyss:3  | Found a shimmering altar of Xom.
 16765 | Abyss:3  | Found a shimmering altar of Xom.
 16765 | Abyss:3  | Found a shimmering altar of Xom.
 16766 | Abyss:3  | Found a shimmering altar of Xom.
 16766 | Abyss:3  | Found a shimmering altar of Xom.
 16766 | Abyss:3  | Found a shimmering altar of Xom.
 16766 | Abyss:3  | Found a shimmering altar of Xom.
 16767 | Abyss:3  | Found a shimmering altar of Xom.
 16767 | Abyss:3  | Found a corrupted altar of Lugonu.
 16767 | Abyss:3  | Found a shimmering altar of Xom.
 16767 | Abyss:3  | Found a shimmering altar of Xom.
 16767 | Abyss:3  | Found a shimmering altar of Xom.
 16767 | Abyss:3  | Found a shimmering altar of Xom.
 16768 | Abyss:3  | Found a shimmering altar of Xom.
 16769 | Abyss:3  | Found a shimmering altar of Xom.
 16826 | Abyss:3  | 16826 ||| Stepping ~*~*~tactically~*~*~ (stealth).
 16832 | Abyss:3  | 16832 ||| Stepping ~*~*~tactically~*~*~ (stealth).
 16835 | Abyss:3  | 16835 ||| Stepping ~*~*~tactically~*~*~ (stealth).
 16836 | Abyss:3  | 16836 ||| Stepping ~*~*~tactically~*~*~ (stealth).
 16836 | Abyss:3  | Noticed a balrug
 16838 | Abyss:3  | 16838 ||| INVOKING Heroism.
 16851 | Abyss:3  | HP: 23/96 [balrug/+2 demon whip of draining (7)]
 16851 | Abyss:3  | HP: 4/96 [balrug/+2 demon whip of draining (19)]
 16852 | Abyss:3  | 16852 ||| READING 5 scrolls of teleportation.
 16853 | Abyss:3  | 16853 ||| DRINKING 2 potions of heal wounds.
 16855 | Abyss:3  | Killed a balrug
 16921 | Abyss:3  | 16921 ||| Stepping ~*~*~tactically~*~*~ (stealth).
 16928 | Abyss:3  | 16928 ||| Stepping ~*~*~tactically~*~*~ (stealth).
 16930 | Abyss:3  | 16930 ||| Stepping ~*~*~tactically~*~*~ (stealth).
 16933 | Abyss:3  | 16933 ||| Stepping ~*~*~tactically~*~*~ (stealth).
 16943 | Abyss:3  | Noticed an Executioner
 16944 | Abyss:3  | 16944 ||| Stepping ~*~*~tactically~*~*~ (stealth).
 16979 | Abyss:3  | 16979 ||| Stepping ~*~*~tactically~*~*~ (stealth).
 16986 | Abyss:3  | 16986 ||| INVOKING Heroism.
 16996 | Abyss:3  | 16996 ||| Stepping ~*~*~tactically~*~*~ (stealth).
 17000 | Abyss:3  | 17000 ||| Stepping ~*~*~tactically~*~*~ (stealth).
 17009 | Abyss:3  | 17009 ||| Stepping ~*~*~tactically~*~*~ (stealth).
 17027 | Abyss:3  | Reached skill level 16 in Axes
 17049 | Abyss:3  | 17049 ||| Stepping ~*~*~tactically~*~*~ (stealth).
 17051 | Abyss:3  | 17051 ||| Stepping ~*~*~tactically~*~*~ (stealth).
 17053 | Abyss:3  | 17053 ||| Stepping ~*~*~tactically~*~*~ (hiding).
 17058 | Abyss:3  | Gained mutation: [You sometimes lose your temper in
                  | combat.] [a neqoxec]
 17073 | Abyss:3  | 17073 ||| INVOKING Heroism.
 17079 | Abyss:3  | Noticed an ancient lich
 17080 | Abyss:3  | 17080 ||| INVOKING Finesse.
 17114 | Abyss:3  | HP: 4/96 [ancient lich/crystal spear (46)]
 17115 | Abyss:3  | 17115 ||| READING 4 scrolls of teleportation.
 17116 | Abyss:3  | 17116 ||| DRINKING potion of heal wounds.
 17130 | Abyss:3  | 17130 ||| INVOKING Heroism.
 17132 | Abyss:3  | 17132 ||| DRINKING 3 potions of mutation.
 17132 | Abyss:3  | Lost mutation: [You sometimes lose your temper in combat.]
                  | [potion of mutation]
 17132 | Abyss:3  | Lost mutation: Your movements are slightly less encumbered
                  | by armour. (ER -2) [potion of mutation]
 17132 | Abyss:3  | Gained mutation: You expend magic power (3 MP) to
                  | strengthen your wands. [potion of mutation]
 17132 | Abyss:3  | Gained mutation: You are robust. (+10% HP) [potion of
                  | mutation]
 17132 | Abyss:3  | Gained mutation: You are agile. (Dex +4, Str/Int -1)
                  | [potion of mutation]
 17152 | Abyss:3  | 17152 ||| Stepping ~*~*~tactically~*~*~ (stealth).
 17244 | Abyss:3  | 17244 ||| INVOKING Heroism.
 17250 | Abyss:3  | 17250 ||| Stepping ~*~*~tactically~*~*~ (stealth).
 17251 | Abyss:3  | 17251 ||| Stepping ~*~*~tactically~*~*~ (stealth).
 17252 | Abyss:3  | 17252 ||| Stepping ~*~*~tactically~*~*~ (stealth).
 17253 | Abyss:3  | 17253 ||| Stepping ~*~*~tactically~*~*~ (stealth).
 17256 | Abyss:3  | 17256 ||| Stepping ~*~*~tactically~*~*~ (stealth).
 17295 | Abyss:3  | 17295 ||| Stepping ~*~*~tactically~*~*~ (stealth).
 17303 | Abyss:3  | Noticed an Executioner
 17309 | Abyss:3  | 17309 ||| READING scroll of acquirement.
 17309 | Abyss:3  | 17309 ||| ACQUIRING 1348 gold pieces
 17309 | Abyss:3  | Acquired 1348 gold pieces
 17313 | Abyss:3  | 17313 ||| Stepping ~*~*~tactically~*~*~ (hiding).
 17323 | Abyss:3  | 17323 ||| INVOKING Heroism.
 17333 | Abyss:3  | Killed an Executioner
 17334 | Abyss:3  | Reached skill level 6 in Dodging
 17355 | Abyss:3  | 17355 ||| Stepping ~*~*~tactically~*~*~ (stealth).
 17361 | Abyss:3  | 17361 ||| Stepping ~*~*~tactically~*~*~ (stealth).
 17367 | Abyss:3  | 17367 ||| Stepping ~*~*~tactically~*~*~ (stealth).
 17373 | Abyss:3  | 17373 ||| Stepping ~*~*~tactically~*~*~ (hiding).
 17374 | Abyss:3  | 17374 ||| Stepping ~*~*~tactically~*~*~ (hiding).
 17377 | Abyss:3  | 17377 ||| Stepping ~*~*~tactically~*~*~ (hiding).
 17391 | Abyss:3  | 17391 ||| Stepping ~*~*~tactically~*~*~ (stealth).
 17410 | Abyss:3  | 17410 ||| Stepping ~*~*~tactically~*~*~ (stealth).
 17423 | Abyss:3  | 17423 ||| Stepping ~*~*~tactically~*~*~ (stealth).
 17425 | Abyss:3  | Noticed a profane servitor
 17453 | Abyss:3  | 17453 ||| INVOKING Heroism.
 17482 | Abyss:3  | Killed a profane servitor
 17485 | D:10     | Escaped the Abyss
 17648 | D:10     | Noticed Maurice
 17659 | D:10     | Killed Maurice
 17675 | D:10     | 17675 ||| INVOKING Heroism.
 17689 | D:10     | Found a runed translucent gate.
 17689 | D:10     | Found a runed translucent gate.
 17689 | D:10     | Found a runed translucent gate.
 17700 | D:10     | Noticed qw's ghost (journeyman MiBe)
 17701 | D:10     | Noticed qw's ghost (journeyman MiFi)
 17701 | D:10     | Noticed qw's ghost (journeyman MiBe)
 17962 | D:10     | 17962 ||| DROPPING scarf of invisibility.
 17963 | D:10     | 17963 ||| UPGRADING to +2 chain mail of Asyev {Drain rPois
                  | Will+++ Stlth-}.
 17973 | D:10     | 17973 ||| READING scroll labelled JETTA LIKUA.
 18074 | D:10     | 18074 ||| READING scroll labelled ZIZI RATAINISM.
 18084 | D:11     | Noticed Urug
 18084 | D:11     | Noticed Lodul
 18085 | D:11     | 18085 ||| PLANNING GAUNTLET
 18085 | D:11     | 18085 ||| INVOKING Heroism.
 18086 | D:11     | 18086 ||| STAIRDANCE
 18116 | D:11     | 18116 ||| STAIRDANCE
 18139 | D:11     | 18139 ||| STAIRDANCE
 18162 | D:11     | 18162 ||| STAIRDANCE
 18186 | D:11     | 18186 ||| STAIRDANCE
 18188 | D:10     | 18188 ||| INVOKING Heroism.
 18195 | D:10     | Killed Lodul
 18245 | D:11     | 18245 ||| INVOKING Heroism.
 18246 | D:11     | 18246 ||| INVOKING Finesse.
 18253 | D:11     | Killed Urug
 18355 | D:11     | 18355 ||| INVOKING Heroism.
 18398 | D:11     | Identified the +5 chain mail of Modern Contentment {Will++}
                  | (Okawaru gifted it to you on level 11 of the Dungeon)
 18398 | D:11     | Received a gift from Okawaru
 18410 | D:11     | Reached XP level 16. HP: 113/113 MP: 23/23
 18509 | D:11     | Found Liunaekk's Distillery.
 18512 | D:11     | 18512 ||| BUYING 2 potions of attraction (102 gold).
 18512 | D:11     | Bought 2 potions of attraction for 102 gold pieces
 18512 | D:11     | 18512 ||| BUYING potion of curing (51 gold).
 18512 | D:11     | Bought a potion of curing for 51 gold pieces
 18512 | D:11     | 18512 ||| BUYING potion of haste (170 gold).
 18512 | D:11     | Bought a potion of haste for 170 gold pieces
 18512 | D:11     | 18512 ||| BUYING potion of lignification (51 gold).
 18512 | D:11     | Bought a potion of lignification for 51 gold pieces
 18512 | D:11     | 18512 ||| BUYING potion of lignification (51 gold).
 18512 | D:11     | Bought a potion of lignification for 51 gold pieces
 18512 | D:11     | 18512 ||| BUYING potion of resistance (170 gold).
 18512 | D:11     | Bought a potion of resistance for 170 gold pieces
 18534 | D:11     | Found a portal to a secret trove of treasure.
 18614 | D:11     | Found a gate leading to a gauntlet.
 18615 | D:11     | 18615 ||| INVOKING Heroism.
 18626 | D:11     | 18626 ||| UPGRADING to +5 chain mail of Modern Contentment
                  | {Will++}.
 18636 | D:11     | 18636 ||| DROPPING +0 plate armour.
 18637 | D:11     | 18637 ||| DROPPING +2 chain mail of Asyev {Drain rPois
                  | Will+++ Stlth-}.
 18644 | Gauntlet | Entered a Gauntlet
 18644 | Gauntlet | Found a transporter.
 18653 | Gauntlet | Found a transporter.
 18670 | Gauntlet | Found a transporter.
 18674 | Gauntlet | Found a transporter.
 18695 | Gauntlet | Found a transporter.
 18708 | Gauntlet | Found a transporter.
 18724 | Gauntlet | Found a transporter.
 18749 | Gauntlet | Found a runed translucent gate.
 18750 | Gauntlet | Found a transporter.
 18750 | Gauntlet | Found a transporter.
 18750 | Gauntlet | Found a runed translucent gate.
 18755 | Gauntlet | Found a transporter.
 18768 | Gauntlet | Found a runed translucent gate.
 18778 | Gauntlet | Found a transporter.
 18782 | Gauntlet | Found a transporter.
 18843 | Gauntlet | 18843 ||| INVOKING Heroism.
 18850 | Gauntlet | 18850 ||| Stepping ~*~*~tactically~*~*~ (cloud).
 18859 | Gauntlet | Identified the +0 hat of the Known World {Drain +Inv Regen+
                  | Int+4}
 18863 | Gauntlet | 18863 ||| DROPPING +0 hat of the Known World {Drain +Inv
                  | Regen+ Int+4}.
 18918 | Gauntlet | 18918 ||| INVOKING Heroism.
 18958 | Gauntlet | Identified the +1 robe of the Skies Above {Rampage rElec
                  | Int+5 Slay-5}
 18971 | Gauntlet | 18971 ||| UPGRADING to ring of protection from cold.
 18973 | Gauntlet | 18973 ||| DROPPING ring of ice.
 18986 | D:11     | 18986 ||| PLANNING D:1-11
 19033 | D:11     | Found Ynitudua's Jewellery Shoppe.
 19038 | D:11     | 19038 ||| BUYING +4 ring of evasion (468 gold).
 19038 | D:11     | Bought a +4 ring of evasion for 468 gold pieces
 19038 | D:11     | 19038 ||| BUYING amulet "Ammeeph" {Reflect rElec rC- Regen+
                  | Str+10 SH+5} (754 gold).
 19038 | D:11     | Bought the amulet "Ammeeph" {Reflect rElec rC- Regen+
                  | Str+10 SH+5} for 754 gold pieces
 19038 | D:11     | 19038 ||| BUYING ring "Niokawuf" {rElec rF+ AC+4 Str+3}
                  | (822 gold).
 19038 | D:11     | Bought the ring "Niokawuf" {rElec rF+ AC+4 Str+3} for 822
                  | gold pieces
 19319 | D:11     | 19319 ||| PLANNING D
 19319 | D:11     | 19319 ||| UPGRADING to amulet "Ammeeph" {Reflect rElec rC-
                  | Regen+ Str+10 SH+5}.
 19329 | D:11     | 19329 ||| DROPPING amulet of regeneration.
 19330 | D:11     | 19330 ||| DROPPING amulet of reflection.
 19331 | D:11     | 19331 ||| UPGRADING to +4 ring of evasion.
 19333 | D:11     | 19333 ||| DROPPING +6 ring of dexterity.
 19334 | D:11     | 19334 ||| UPGRADING to ring "Niokawuf" {rElec rF+ AC+4
                  | Str+3}.
 19336 | D:11     | 19336 ||| DROPPING ring of protection from cold.
 19337 | D:11     | 19337 ||| DROPPING +4 ring of evasion.
 19420 | D:12     | Found a runed translucent door.
 19420 | D:12     | Noticed Kowaopn's ghost (journeyman TrCA)
 19591 | D:12     | 19591 ||| READING scroll of enchant armour.
 19591 | D:12     | 19591 ||| ENCHANTING +0 helmet.
 19631 | D:12     | 19631 ||| Stepping ~*~*~tactically~*~*~ (stealth).
 19635 | D:12     | 19635 ||| Stepping ~*~*~tactically~*~*~ (stealth).
 19638 | D:12     | 19638 ||| Stepping ~*~*~tactically~*~*~ (stealth).
 19640 | D:12     | 19640 ||| Stepping ~*~*~tactically~*~*~ (stealth).
 19730 | D:12     | Found Qereps's Assorted Antiques.
 19738 | D:12     | 19738 ||| SHOPLISTING +8 orange crystal plate armour
                  | {Archmagi, Int+3 Clar} (4335 gold, have 416).
 19738 | D:12     | 19738 ||| BUYING potion of curing (90 gold).
 19738 | D:12     | Bought a potion of curing for 90 gold pieces
 19738 | D:12     | 19738 ||| BUYING potion of magic (240 gold).
 19738 | D:12     | Bought a potion of magic for 240 gold pieces
 19738 | D:12     | 19738 ||| SHOPLISTING smoking chain mail (285 gold, have
                  | 86).
 19790 | D:12     | 19790 ||| Stepping ~*~*~tactically~*~*~ (hiding).
 19793 | D:12     | 19793 ||| INVOKING Heroism.
 19858 | D:12     | Noticed Nergalle
 19871 | D:12     | Killed Nergalle
 19872 | D:12     | Reached skill level 6 in Throwing
 19913 | D:12     | 19913 ||| Stepping ~*~*~tactically~*~*~ (stealth).
 19950 | D:12     | 19950 ||| Stepping ~*~*~tactically~*~*~ (hiding).
 19952 | D:12     | 19952 ||| Stepping ~*~*~tactically~*~*~ (hiding).
 20084 | D:12     | Found a staircase to the Orcish Mines.
 20086 | D:12     | 20086 ||| Stepping ~*~*~tactically~*~*~ (hiding).
 20088 | D:12     | 20088 ||| INVOKING Heroism.
 20125 | D:12     | 20125 ||| INVOKING Heroism.
 20266 | D:12     | 20266 ||| READING scroll labelled GUTEYJ MIAS.
 20381 | D:13     | 20381 ||| INVOKING Heroism.
 20584 | D:13     | 20584 ||| INVOKING Heroism.
 20585 | D:13     | 20585 ||| SWAPPING to +4 hand axe of flaming.
 20592 | D:13     | 20592 ||| SWAPPING to +1 war axe "Wetergh" {speed, rF+
                  | Will- Dex+3 SInv}.
 20873 | D:14     | Noticed Frances
 20874 | D:14     | 20874 ||| Stepping ~*~*~tactically~*~*~ (hiding).
 20878 | D:14     | 20878 ||| INVOKING Heroism.
 20879 | D:14     | 20879 ||| INVOKING Finesse.
 20890 | D:14     | Killed Frances
 20944 | D:14     | 20944 ||| Stepping ~*~*~tactically~*~*~ (hiding).
 20952 | D:14     | 20952 ||| INVOKING Heroism.
 20953 | D:14     | 20953 ||| SWAPPING to +4 hand axe of flaming.
 20954 | D:14     | 20954 ||| INVOKING Finesse.
 20965 | D:14     | 20965 ||| SWAPPING to +1 war axe "Wetergh" {speed, rF+
                  | Will- Dex+3 SInv}.
 21054 | D:14     | Found a gate to the Vaults.
 21056 | D:14     | Identified the +7 dagger of Courage {freeze, Stlth+}
 21102 | D:14     | 21102 ||| Stepping ~*~*~tactically~*~*~ (hiding).
 21190 | D:14     | 21190 ||| Stepping ~*~*~tactically~*~*~ (hiding).
 21191 | D:14     | 21191 ||| Stepping ~*~*~tactically~*~*~ (hiding).
 21211 | D:14     | 21211 ||| INVOKING Heroism.
 21284 | D:14     | 21284 ||| INVOKING Heroism.
 21285 | D:14     | 21285 ||| SWAPPING to +4 hand axe of flaming.
 21290 | D:14     | 21290 ||| SWAPPING to +1 war axe "Wetergh" {speed, rF+
                  | Will- Dex+3 SInv}.
 21291 | D:14     | 21291 ||| Stepping ~*~*~tactically~*~*~ (stealth).
 21405 | D:14     | Found a sparkling altar of Nemelex Xobeh.
 21605 | D:14     | Identified the +1 pair of boots of Oblivion {Drain rElec
                  | Str+4}
 21701 | D:14     | Noticed Agnes
 21702 | D:14     | 21702 ||| INVOKING Heroism.
 21703 | D:14     | 21703 ||| INVOKING Finesse.
 21714 | D:14     | Killed Agnes
 21754 | D:14     | 21754 ||| INVOKING Heroism.
 21757 | D:14     | Received a gift from Okawaru
 21763 | D:14     | 21763 ||| Stepping ~*~*~tactically~*~*~ (stealth).
 21821 | D:14     | 21821 ||| Stepping ~*~*~tactically~*~*~ (hiding).
 21827 | D:14     | 21827 ||| Stepping ~*~*~tactically~*~*~ (hiding).
 21828 | D:14     | 21828 ||| Stepping ~*~*~tactically~*~*~ (hiding).
 21900 | D:14     | 21900 ||| UPGRADING to +1 pair of boots of Oblivion {Drain
                  | rElec Str+4}.
 21910 | D:14     | 21910 ||| DROPPING +0 pair of boots.
 21946 | D:15     | Entered Level 15 of the Dungeon
 21955 | D:15     | 21955 ||| Stepping ~*~*~tactically~*~*~ (hiding).
 21991 | Abyss:3  | Cast into level 3 of the Abyss (a wizard)
 21992 | Abyss:3  | Found a corrupted altar of Lugonu.
 22004 | Abyss:3  | 22004 ||| Stepping ~*~*~tactically~*~*~ (stealth).
 22023 | Abyss:3  | 22023 ||| Stepping ~*~*~tactically~*~*~ (stealth).
 22039 | Abyss:3  | Noticed a tentacled starspawn
 22040 | Abyss:3  | 22040 ||| Stepping ~*~*~tactically~*~*~ (stealth).
 22041 | Abyss:3  | 22041 ||| Stepping ~*~*~tactically~*~*~ (stealth).
 22047 | Abyss:3  | Found a corrupted altar of Lugonu.
 22052 | Abyss:3  | 22052 ||| Stepping ~*~*~tactically~*~*~ (stealth).
 22073 | Abyss:3  | 22073 ||| INVOKING Heroism.
 22077 | Abyss:3  | Killed a tentacled starspawn
 22098 | Abyss:3  | 22098 ||| Stepping ~*~*~tactically~*~*~ (stealth).
 22101 | Abyss:3  | 22101 ||| Stepping ~*~*~tactically~*~*~ (stealth).
 22107 | Abyss:3  | 22107 ||| Stepping ~*~*~tactically~*~*~ (stealth).
 22113 | Abyss:3  | 22113 ||| Stepping ~*~*~tactically~*~*~ (hiding).
 22138 | Abyss:3  | Received a gift from Okawaru
 22147 | Abyss:3  | 22147 ||| INVOKING Heroism.
 22159 | Abyss:3  | 22159 ||| Stepping ~*~*~tactically~*~*~ (stealth).
 22160 | Abyss:3  | 22160 ||| Stepping ~*~*~tactically~*~*~ (stealth).
 22170 | Abyss:3  | 22170 ||| Stepping ~*~*~tactically~*~*~ (stealth).
 22171 | Abyss:3  | 22171 ||| Stepping ~*~*~tactically~*~*~ (hiding).
 22174 | Abyss:3  | Noticed a bone dragon
 22193 | Abyss:3  | Paralysed by accursed screaming for 1 turns
 22195 | Abyss:3  | Killed a bone dragon
 22206 | Abyss:3  | 22206 ||| INVOKING Heroism.
 22215 | Abyss:3  | Demolished by a white very ugly thing

Levels and vault maps discovered:
D:1:      beargit_arrival_greenhouse, layout_loops_ring
D:2:      layout_basic, nicolae_elevator_lobby_plus
D:3:      layout_basic, portal_sewer_entry_f, dreamdust_mushroom_princess,
          uniq_crazy_yiuf_cottage
D:4:      layout_basic, grunt_temple_overflow_open, fountainhead
D:5:      layout_basic
D:6:      layout_basic, nicolae_ru_path_of_blood, minmay_temple_entry_hall,
          kennysheep_flooded_box, uniq_blork_the_orc
D:7:      layout_cave_pods, ashenzari_conservatory_becter,
          mainiacjoe_overflow_alcove_2, serial_column_ruins,
          column_ruins_square_huge, column_ruins_hut, column_ruins_open_medium,
          column_ruins_corridor_dead_end, column_ruins_columns_straight,
          serial_shops, nicolae_shop_statue_plus, roderic_serpentine_path,
          uniq_maggie
D:8:      layout_loops_ring, zin_angel, nicolae_qazlal_scattered_showers,
          grunt_lair_entry_orc_guard_hut, eino_small_chamber_without_monster,
          uniq_psyche
D:9:      layout_irregular_city, makhleb_altar_promises_db,
          minmay_strange_pillars
D:10:     layout_roguey, tso_metal_star, gammafunk_ghost_cemetery,
          uniq_josephine, uniq_fannar, uniq_maurice
D:11:     layout_roguey [special_room_kobold], serial_shops, nicolae_shop_stone,
          kennysheep_little_box, gauntlet_entry_generic,
          nicolae_trove_entry_columns, kennysheep_nondescript, uniq_urug,
          uniq_lodul
D:12:     layout_irregular_city, minmay_orc_entry_temple_small,
          gammafunk_ghost_grave, serial_shops, shop,
          chequers_serial_rivers_marsh, uniq_nergalle
D:13:     layout_irregular_city
D:14:     layout_cave_pods, skrybe_vaults_entry_preservation,
          portal_ice_cave_entry_horrid_things,
          nemelex_xobeh_ov_fountains_minmay, hangedman_decor_push, uniq_frances,
          uniq_agnes
D:15:     grunt_enter_depths_magical_seal, layout_loops_corners,
          nicolae_figureground_sparkle
Temple:   hc_temple_tempest_star
Lair:1:   dreamdust_cave_troll, layout_long_grid, grunt_megastairs_3,
          lemuel_fruit_tree
Lair:2:   regret_index_combs_of_tragedy, layout_small_grid, swamp_mist,
          dummy_spider_entry, nicolae_lair_lakeside_cave
Lair:3:   layout_roguey [special_room_mythical_zoo], uniq_kirke
Lair:4:   layout_misc_corridors, ebering_ghost_funeral_grove
Lair:5:   cheibrodos_lair_end_hotspot, layout_cave_pods, slime_entry_1,
          uniq_sonja
Abyss:3:  base: Gauntlet, patterned_corridor, bh_abyss_xom_lugonu_altar,
          due_exit_kobolds, hangedman_abyss_mock_shop,
          hangedman_abyss_or_decor_jellyfish_corner, base:
D:7

Skill      XL: |  1  2  3  4  5  6  7  8  9 10 11 12 13 14 15 16 |
---------------+-------------------------------------------------+-----
Axes           | 2 3 5 6 7 8 9 10 11 12 14 15 16 | 16.0
Throwing       | 1 2 5 8 |  8.0
Fighting       | 4 6 7 8 9 10 11 12 14 | 14.0
Dodging        | 1 2 3 4 6 |  6.0
Armour         | 4 6 7 8 9 10 11 | 11.1
Shields        | 4 9 10 11 12 13 14 | 14.0
Invocations    | 4 8 10 | 10.0

Action                   |  1- 3 |  4- 6 |  7- 9 | 10-12 | 13-15 | 16-18 || total
-------------------------+-------+-------+-------+-------+-------+-------++-------
Melee: War axe           |   125 |   162 |   331 |   695 |  1340 |   413 ||  3066
       Unarmed           |       |       |       |     5 |       |       ||     5
       Morningstar       |       |       |       |     6 |       |       ||     6
       Hand axe          |       |       |       |       |    60 |    17 ||    77
Throw: Boomerang         |     7 |    27 |       |     3 |       |       ||    37
       Javelin           |       |       |       |       |    99 |    51 ||   150
Invok: Heroism           |       |       |     2 |    33 |    43 |    17 ||    95
       Finesse           |       |       |       |     1 |    13 |     3 ||    17
  Use: Scroll            |     3 |     4 |     5 |     3 |     7 |     2 ||    24
       Potion            |     1 |     4 |     8 |     1 |     5 |       ||    19
 Stab: Distracted        |       |       |       |       |     2 |       ||     2
       Sleeping          |       |       |       |       |     1 |       ||     1
Armor: Scale mail        |    69 |   102 |    10 |       |       |       ||   181
       Plate armour      |       |       |   202 |   314 |   213 |       ||   729
       Skin              |       |       |       |     6 |       |       ||     6
       Ice dragon scales |       |       |       |       |   257 |       ||   257
       Chain mail        |       |       |       |       |     9 |    88 ||    97
Dodge: Dodged            |    66 |    71 |   105 |   224 |   424 |    63 ||   953
Block: Buckler           |    21 |    32 |    79 |    22 |       |       ||   154
       Kite shield       |       |       |       |   363 |   719 |   184 ||  1266
       Reflection        |       |       |       |       |       |     9 ||     9

Table legend:
 A = Non-vault XP
 B = Vault XP
 C = Vault XP percentage of total XP
 D = Non-vault monster count
 E = Vault monster count
 F = Vault count percentage of total count
                 A         B        C        D         E       F
            +---------+---------+-------+---------+---------+-------
      Total |  116685 |   54771 |  31.9 |     501 |     262 |  34.3
            +---------+---------+-------+---------+---------+-------
        D:1 |      41 |       0 |   0.0 |      24 |       0 |   0.0
        D:2 |      39 |       0 |   0.0 |      16 |       0 |   0.0
        D:3 |      64 |      10 |  13.5 |      17 |       5 |  22.7
        D:4 |     459 |       0 |   0.0 |      14 |       0 |   0.0
        D:5 |     930 |       0 |   0.0 |      35 |       0 |   0.0
        D:6 |     678 |      87 |  11.4 |       8 |       1 |  11.1
        D:7 |    2338 |     385 |  14.1 |      34 |       1 |   2.9
        D:8 |    1775 |     778 |  30.5 |      18 |       5 |  21.7
        D:9 |    2317 |      93 |   3.9 |      12 |       1 |   7.7
       D:10 |    4814 |    4441 |  48.0 |      22 |      14 |  38.9
       D:11 |     695 |    2816 |  80.2 |       8 |      27 |  77.1
       D:12 |    5489 |    1241 |  18.4 |      26 |      14 |  35.0
       D:13 |    2779 |       0 |   0.0 |       4 |       0 |   0.0
       D:14 |    6155 |    9936 |  61.7 |      14 |      15 |  51.7
       D:15 |     837 |       0 |   0.0 |       1 |       0 |   0.0
     Lair:1 |   10801 |     693 |   6.0 |      30 |       1 |   3.2
     Lair:2 |    7712 |   13455 |  63.6 |      40 |      65 |  61.9
     Lair:3 |    5937 |    7174 |  54.7 |      21 |      29 |  58.0
     Lair:4 |   14587 |       0 |   0.0 |      41 |       0 |   0.0
     Lair:5 |   20147 |    7919 |  28.2 |      58 |      28 |  32.6
    Abyss:3 |   28091 |    1669 |   5.6 |      58 |       6 |   9.4
      Sewer |       0 |     280 | 100.0 |       0 |      45 | 100.0
   Gauntlet |       0 |    3794 | 100.0 |       0 |       5 | 100.0
            +---------+---------+-------+---------+---------+-------
